TOP OF THE 1ST |
Niagara Falls Phantoms batting - Pitching for Brockton Rox : RHP Cedric Tyler
|
Pitching: RHP Cedric Tyler
|
|
Batting: LHB Carlos Palau
|
0-0: SINGLE (Groundball, 4D, EV 95.6 MPH)
|
Batting: RHB Danny Ayala
|
0-0: SINGLE (Line Drive, 8RS, EV 89.4 MPH) Carlos Palau to second
|
Batting: LHB Dario Segura
|
0-0: Ball 1-0: Foul Ball, location: 2F 1-1: Swinging Strike 1-2: Ball 2-2: Fly out, F8 (Flyball, 8LXD, EV 88.1 MPH) Runner from 2nd tags up, SAFE at 3rd, no throw by CF
|
Batting: LHB Justin Short
|
0-0: Foul Ball, location: 2F 0-1: Called Strike 0-2: Ball 1-2: Ball 2-2: Strikes out swinging
|
Batting: RHB Yasuoka Tsuda
|
0-0: SINGLE (Groundball, 34D, EV 98.1 MPH) Carlos Palau scores Danny Ayala to second Runner from 2nd tries for 3rd, SAFE, no throw by RF
|
Batting: RHB Paul Ngumi
|
0-0: Ground out 4-3 (Groundball, 4, EV 81.2 MPH)
|
Top of the 1st over - 1 run, 3 hits, 0 errors, 2 left on base; Niagara Falls 1 - Brockton 0 |
BOTTOM OF THE 1ST |
Brockton Rox batting - Pitching for Niagara Falls Phantoms : RHP Alex Roman
|
Pitching: RHP Alex Roman
|
|
Batting: LHB Robert Gonzalez
|
0-0: Called Strike 0-1: Fly out, F9 (Line Drive, 89M, EV 84.4 MPH)
|
Batting: RHB Willie Camacho
|
0-0: Fly out, F9 (Flyball, 9S, EV 76.9 MPH)
|
Batting: RHB Bakhtiar Asadov
|
0-0: Ball 1-0: Ball 2-0: Reached on error, E6 (Groundball, 6, EV 82.5 MPH)
|
Batting: RHB Roger Mitchell
|
0-0: Called Strike 0-1: Ball 1-1: Swinging Strike 1-2: Foul Ball, location: 2F 1-2: Strikes out swinging
|
Bottom of the 1st over - 0 runs, 0 hits, 1 error, 1 left on base; Niagara Falls 1 - Brockton 0 |
TOP OF THE 2ND |
Niagara Falls Phantoms batting - Pitching for Brockton Rox : RHP Cedric Tyler
|
Batting: RHB Ken Stair
|
0-0: Ball 1-0: Foul Ball, location: 2F 1-1: Ball 2-1: Called Strike 2-2: Ball 3-2: Base on Balls
|
Batting: RHB Arturo Gomez
|
0-0: Called Strike 0-1: Ball 1-1: Called Strike 1-2: Strikes out looking
|
Batting: LHB Dave Ortiz
|
0-0: Ball 1-0: Ball 2-0: Called Strike 2-1: Grounds into double play, U6-3 (Groundball, 4MS, EV 81.2 MPH)
|
Top of the 2nd over - 0 runs, 0 hits, 0 errors, 0 left on base; Niagara Falls 1 - Brockton 0 |
BOTTOM OF THE 2ND |
Brockton Rox batting - Pitching for Niagara Falls Phantoms : RHP Alex Roman
|
Batting: RHB Panam Palmer
|
0-0: Called Strike 0-1: Foul Ball, location: 2F 0-2: Ball 1-2: Ground out 5-3 (Groundball, 25, EV 84.4 MPH)
|
Batting: LHB Kenny Jackson
|
0-0: Ball 1-0: Ball 2-0: Foul Ball, location: 2F 2-1: Swinging Strike 2-2: Strikes out looking
|
Batting: RHB Mo Tsang
|
0-0: Foul Ball, location: 2F 0-1: Ball 1-1: Foul Ball, location: 2F 1-2: Strikes out swinging, 2-3 out at first.
|
Bottom of the 2nd over - 0 runs, 0 hits, 0 errors, 0 left on base; Niagara Falls 1 - Brockton 0 |
TOP OF THE 3RD |
Niagara Falls Phantoms batting - Pitching for Brockton Rox : RHP Cedric Tyler
|
Batting: LHB Carlos Palau
|
0-0: Ball 1-0: Fly out, F9 (Line Drive, 9S, EV 97.5 MPH)
|
Batting: RHB Danny Ayala
|
0-0: Foul Ball, location: 2F 0-1: Ball 1-1: Fly out, F5 (Popup, 5S, EV 70.6 MPH)
|
Batting: LHB Dario Segura
|
0-0: Ball 1-0: Ground out U3 (Groundball, 3L, EV 90.0 MPH)
|
Top of the 3rd over - 0 runs, 0 hits, 0 errors, 0 left on base; Niagara Falls 1 - Brockton 0 |
BOTTOM OF THE 3RD |
Brockton Rox batting - Pitching for Niagara Falls Phantoms : RHP Alex Roman
|
Batting: LHB Isaiah Spitzbarth
|
0-0: Called Strike 0-1: Foul Ball, location: 2F 0-2: Ball 1-2: Fly out, F8 (Line Drive, 8LD, EV 90.6 MPH)
|
Batting: RHB Estevan Carrillo
|
0-0: Foul Ball, location: 2F 0-1: Called Strike 0-2: Ball 1-2: Ball 2-2: Ball 3-2: Foul Ball, location: 2F 3-2: Base on Balls
|
Batting: LHB Robert Gonzalez
|
0-0: Ball 1-0: Called Strike 1-1: Foul Ball, location: 2F 1-2: Ball 2-2: Ball Estevan Carrillo is caught stealing 2nd base 2-6 3-2: Strikes out swinging
|
Bottom of the 3rd over - 0 runs, 0 hits, 0 errors, 0 left on base; Niagara Falls 1 - Brockton 0 |
TOP OF THE 4TH |
Niagara Falls Phantoms batting - Pitching for Brockton Rox : RHP Cedric Tyler
|
Batting: LHB Justin Short
|
0-0: Ball 1-0: Fly out, F6 (Popup, 6M, EV 72.5 MPH)
|
Batting: RHB Yasuoka Tsuda
|
0-0: Called Strike 0-1: Called Strike 0-2: DOUBLE (Line Drive, 7LS, EV 111.2 MPH)
|
Batting: RHB Paul Ngumi
|
0-0: DOUBLE (Line Drive, 8LD, EV 92.5 MPH) Yasuoka Tsuda scores
|
Batting: RHB Ken Stair
|
0-0: Ball 1-0: Ball 2-0: Foul Ball, location: 2F 2-1: SINGLE (Groundball, 34D, EV 99.4 MPH) Paul Ngumi to third Runner from 3rd tries for Home, SAFE, throw by RF to home
|
Batting: RHB Arturo Gomez
|
0-0: Ball 1-0: Grounds into double play, 6-4-3 (Groundball, 6, EV 85.0 MPH)
|
Top of the 4th over - 2 runs, 3 hits, 0 errors, 0 left on base; Niagara Falls 3 - Brockton 0 |
BOTTOM OF THE 4TH |
Brockton Rox batting - Pitching for Niagara Falls Phantoms : RHP Alex Roman
|
Batting: RHB Willie Camacho
|
0-0: Ball 1-0: Called Strike 1-1: Ball 2-1: Reached on error, E6 (Groundball, 6S, EV 85.6 MPH)
|
Batting: RHB Bakhtiar Asadov
|
0-0: Called Strike 0-1: Ball 1-1: Fly out, F9 (Flyball, 89S, EV 76.9 MPH)
|
Batting: RHB Roger Mitchell
|
0-0: Ball 1-0: Foul Ball, location: 2F 1-1: Ball 2-1: Called Strike 2-2: Ball 3-2: Base on Balls Willie Camacho to second
|
Batting: RHB Panam Palmer
|
0-0: Called Strike 0-1: Ball 1-1: Called Strike 1-2: Ball 2-2: Strikes out looking
|
Batting: LHB Kenny Jackson
|
0-0: Called Strike 0-1: Ground out 5-3 (Groundball, 56S, EV 66.9 MPH)
|
Bottom of the 4th over - 0 runs, 0 hits, 1 error, 2 left on base; Niagara Falls 3 - Brockton 0 |
TOP OF THE 5TH |
Niagara Falls Phantoms batting - Pitching for Brockton Rox : RHP Cedric Tyler
|
Batting: LHB Dave Ortiz
|
0-0: SINGLE (Line Drive, 9S, EV 93.8 MPH)
|
Batting: LHB Carlos Palau
|
0-0: Fielders Choice at 2nd, 3-6 (Groundball, 34S, EV 90.6 MPH)
|
Batting: RHB Danny Ayala
|
0-0: Swinging Strike 0-1: Foul Ball, location: 2F 0-2: Ball Carlos Palau is caught stealing 2nd base 2-4 1-2: Ball 2-2: Foul Ball, location: 2F 2-2: Foul Ball, location: 2F 2-2: Ground out 6-3 (Groundball, 6, EV 81.9 MPH)
|
Top of the 5th over - 0 runs, 1 hit, 0 errors, 0 left on base; Niagara Falls 3 - Brockton 0 |
BOTTOM OF THE 5TH |
Brockton Rox batting - Pitching for Niagara Falls Phantoms : RHP Alex Roman
|
Batting: RHB Mo Tsang
|
0-0: Ball 1-0: Ball 2-0: Ball 3-0: Called Strike 3-1: Called Strike 3-2: Foul Ball, location: 2F 3-2: Foul Ball, location: 2F 3-2: Foul Ball, location: 2F 3-2: Base on Balls
|
Batting: LHB Isaiah Spitzbarth
|
0-0: Ball 1-0: Called Strike 1-1: Ball 2-1: Foul Ball, location: 2F 2-2: Strikes out swinging
|
Pitching: RHP Gary Salazar
|
|
Batting: RHB Estevan Carrillo
|
0-0: Called Strike 0-1: Grounds out, U3 (Groundball, 3L, EV 86.9 MPH)
|
Batting: LHB Robert Gonzalez
|
0-0: Swinging Strike 0-1: Ball 1-1: Ball 2-1: Called Strike 2-2: Ball 3-2: Foul Ball, location: 2F 3-2: Ground out 4-3 (Groundball, 34, EV 84.4 MPH)
|
Bottom of the 5th over - 0 runs, 0 hits, 0 errors, 1 left on base; Niagara Falls 3 - Brockton 0 |
TOP OF THE 6TH |
Niagara Falls Phantoms batting - Pitching for Brockton Rox : RHP Cedric Tyler
|
Batting: LHB Dario Segura
|
0-0: Ball 1-0: Ball 2-0: Ball 3-0: Base on Balls
|
Batting: LHB Justin Short
|
0-0: Called Strike Dario Segura steals 2nd base 0-1: Ball 1-1: Swinging Strike 1-2: Ball 2-2: Ground out U3 (Groundball, 34S, EV 85.0 MPH) Dario Segura to third
|
Batting: RHB Yasuoka Tsuda
|
0-0: Called Strike 0-1: Fly out, F9 (Flyball, 9, EV 78.8 MPH) Runner from 3rd tags up, SCORES, throw by RF
|
Batting: RHB Paul Ngumi
|
0-0: Ball 1-0: Ball 2-0: Ball 3-0: Called Strike 3-1: Base on Balls
|
Batting: RHB Ken Stair
|
0-0: Ball 1-0: Swinging Strike 1-1: Foul Ball, location: 2F 1-2: Ball 2-2: Ground out 5-3 (Groundball, 56S, EV 68.8 MPH)
|
Top of the 6th over - 1 run, 0 hits, 0 errors, 1 left on base; Niagara Falls 4 - Brockton 0 |
BOTTOM OF THE 6TH |
Brockton Rox batting - Pitching for Niagara Falls Phantoms : RHP Gary Salazar
|
Batting: RHB Willie Camacho
|
0-0: Ball 1-0: Ball 2-0: Ball 3-0: Base on Balls
|
Batting: RHB Bakhtiar Asadov
|
0-0: Fielders Choice at 2nd, 1-6 (Groundball, 13, EV 62.5 MPH)
|
Batting: RHB Roger Mitchell
|
0-0: Ball Bakhtiar Asadov is caught stealing 2nd base 2-4 1-0: Ball 2-0: Fly out, F8 (Flyball, 8RXD, EV 98.8 MPH)
|
Bottom of the 6th over - 0 runs, 0 hits, 0 errors, 0 left on base; Niagara Falls 4 - Brockton 0 |
TOP OF THE 7TH |
Niagara Falls Phantoms batting - Pitching for Brockton Rox : RHP Cedric Tyler
|
Batting: RHB Arturo Gomez
|
0-0: Ball 1-0: Foul Ball, location: 2F 1-1: Ball 2-1: Ball 3-1: Base on Balls
|
Pitching: RHP Marco Benavente
|
|
Batting: LHB Dave Ortiz
|
0-0: Ball 1-0: Ball 2-0: Foul Ball, location: 2F 2-1: Called Strike 2-2: Ball 3-2: Foul Ball, location: 2F 3-2: Grounds into double play, 4-6-3 (Groundball, 4, EV 86.9 MPH)
|
Batting: LHB Carlos Palau
|
0-0: Ball 1-0: Ball 2-0: Foul Ball, location: 2F 2-1: Foul Ball, location: 2F 2-2: Strikes out looking
|
Top of the 7th over - 0 runs, 0 hits, 0 errors, 0 left on base; Niagara Falls 4 - Brockton 0 |
BOTTOM OF THE 7TH |
Brockton Rox batting - Pitching for Niagara Falls Phantoms : RHP Gary Salazar
|
Pinch Hitting: RHB Kirk Cully
|
0-0: Called Strike 0-1: Swinging Strike 0-2: Strikes out swinging
|
Batting: LHB Kenny Jackson
|
0-0: Ball 1-0: Ground out 6-3 (Groundball, 6MS, EV 90.0 MPH)
|
Batting: RHB Mo Tsang
|
0-0: Foul Ball, location: 2F 0-1: Ball 1-1: Ball 2-1: Ball 3-1: Swinging Strike 3-2: Base on Balls
|
Pitching: RHP Francisco Rosado
|
|
Batting: LHB Isaiah Spitzbarth
|
0-0: Called Strike 0-1: Fly out, F8 (Flyball, 8RD, EV 104.4 MPH)
|
Bottom of the 7th over - 0 runs, 0 hits, 0 errors, 1 left on base; Niagara Falls 4 - Brockton 0 |
TOP OF THE 8TH |
Niagara Falls Phantoms batting - Pitching for Brockton Rox : RHP Marco Benavente
|
Now in RF: Kirk Cully
|
|
Batting: RHB Danny Ayala
|
0-0: Swinging Strike 0-1: Swinging Strike 0-2: Ball 1-2: Foul Ball, location: 2F 1-2: Ball 2-2: Strikes out swinging
|
Batting: LHB Dario Segura
|
0-0: Ball 1-0: Called Strike 1-1: Called Strike 1-2: Ball 2-2: Strikes out swinging
|
Batting: LHB Justin Short
|
0-0: Called Strike 0-1: Ball 1-1: Ball 2-1: Ball 3-1: Foul Ball, location: 2F 3-2: Foul Ball, location: 2F 3-2: Fly out, F8 (Flyball, 8LD, EV 103.8 MPH)
|
Top of the 8th over - 0 runs, 0 hits, 0 errors, 0 left on base; Niagara Falls 4 - Brockton 0 |
BOTTOM OF THE 8TH |
Brockton Rox batting - Pitching for Niagara Falls Phantoms : RHP Francisco Rosado
|
Pinch Hitting: SHB Danny Marquez
|
0-0: Called Strike 0-1: Ball 1-1: Ball 2-1: Swinging Strike 2-2: Strikes out swinging
|
Batting: LHB Robert Gonzalez
|
0-0: Ball 1-0: Called Strike 1-1: Ball 2-1: Ball 3-1: Foul Ball, location: 2F 3-2: Foul Ball, location: 2F 3-2: Fly out, F8 (Line Drive, 8LM, EV 93.1 MPH)
|
Batting: RHB Willie Camacho
|
0-0: Foul Ball, location: 2F 0-1: Swinging Strike 0-2: Ball 1-2: Ball 2-2: Ball 3-2: Ground out 6-3 (Groundball, 6, EV 80.6 MPH)
|
Bottom of the 8th over - 0 runs, 0 hits, 0 errors, 0 left on base; Niagara Falls 4 - Brockton 0 |
TOP OF THE 9TH |
Niagara Falls Phantoms batting - Pitching for Brockton Rox : RHP Marco Benavente
|
Now at 1B: Eric McClelland
|
|
Batting: RHB Yasuoka Tsuda
|
0-0: Foul Ball, location: 2F 0-1: Foul Ball, location: 2F 0-2: Strikes out looking
|
Batting: RHB Paul Ngumi
|
0-0: Called Strike 0-1: Foul Ball, location: 2F 0-2: Strikes out swinging
|
Pitching: RHP Tony Ramos
|
|
Batting: RHB Ken Stair
|
0-0: Ball 1-0: Foul Ball, location: 2F 1-1: Foul Ball, location: 2F 1-2: Strikes out swinging
|
Top of the 9th over - 0 runs, 0 hits, 0 errors, 0 left on base; Niagara Falls 4 - Brockton 0 |
BOTTOM OF THE 9TH |
Brockton Rox batting - Pitching for Niagara Falls Phantoms : RHP Francisco Rosado
|
Batting: RHB Bakhtiar Asadov
|
0-0: Ground out 5-3 (Groundball, 5L, EV 90.6 MPH)
|
Pinch Hitting: SHB Robert Soto
|
0-0: Ball 1-0: Ball 2-0: Called Strike 2-1: SOLO HOME RUN (Flyball, 9D, EV 93.8 MPH), Distance : 377 ft
|
Batting: RHB Kirk Cully
|
0-0: Called Strike 0-1: Called Strike 0-2: Strikes out swinging
|
Pinch Hitting: SHB Arihito Hiramoto
|
0-0: Ball 1-0: Called Strike 1-1: Fly out, F8 (Flyball, 8LD, EV 97.5 MPH)
|
Bottom of the 9th over - 1 run, 1 hit, 0 errors, 0 left on base; Niagara Falls 4 - Brockton 1 |
|